 Dungeon Crawl Stone Soup version 0.30-a0-878-gc727b3d3d6 (webtiles) character file.

Game seed: 17785526019161975075

7246 Lavandula the Zephyrmancer (level 11, 0/74 HPs)
             Began as a Human Air Elementalist on Mar 12, 2023.
             Was an Initiate of Vehumet.
             Slain by a minotaur
             ... wielding the +8 rapier "Globulus" {flame, Str-3 Dex+4}
              (15 damage)
             ... in a Gauntlet.
             The game lasted 00:35:36 (13558 turns).

Lavandula the Zephyrmancer (HuAE)                  Turns: 13558, Time: 00:35:42

Health: 0/74       AC:  6    Str:  8    XL:     11   Next: 33%
Magic:  2/15       EV: 12    Int: 27    God:    Vehumet [......]
Gold:   1080       SH:  3    Dex: 13    Spells: 0/15 levels left

rFire   . . .      SeeInvis +    I - +2 dagger (protect)
rCold   + . .      Faith    .    g - +0 buckler
rNeg    . . .      Spirit   .    O - +0 troll leather armour
rPois   +          Reflect  .    (no helmet)
rElec   .          Rampage  .    (no cloak)
rCorr   .          NoTele   +    (no gloves)
Will    .....                    P - +1 pair of boots {Fly}
Stlth   +++                      h - amulet of regeneration
HPRegen 1.92/turn                p - ring of Umaos {rPois rC+ SInv Stlth+}
MPRegen 0.14/turn                r - +6 ring of intelligence

@: mighty, flying, studying Staves, invisible
A: no striking features
a: Renounce Religion


You were in a Gauntlet.
You worshipped Vehumet.
Vehumet was noncommittal.
You visited 2 branches of the dungeon, and saw 12 of its levels.
You also visited: Sewer, Bailey and Gauntlet.

You collected 1080 gold pieces.

Inventory:

Hand Weapons
 I - a +2 dagger of protection (weapon)
Missiles
 m - 5 throwing nets
Armour
 a - a +0 robe
 g - a +0 buckler (worn)
 O - a +0 troll leather armour (worn)
 P - a +1 pair of boots of flying (worn)
Magical Staves
 B - a staff of cold
Jewellery
 f - a +5 ring of evasion
 h - an amulet of regeneration (around neck)
 p - the ring of Umaos (left hand) {rPois rC+ SInv Stlth+}
   (You found it on level 3 of the Dungeon)

   [ring of see invisible]

   rC:        It protects you from cold.
   rPois:     It protects you from poison.
   SInv:      It lets you see invisible.
   Stlth:     It makes you more stealthy.
 r - a +6 ring of intelligence (right hand)
 v - a ring of positive energy
 J - a ring of positive energy
Wands
 j - a wand of paralysis (15)
 x - a wand of mindburst (15)
Scrolls
 c - 3 scrolls of enchant weapon
 d - 3 scrolls of vulnerability
 l - 3 scrolls of acquirement {unknown}
 t - 3 scrolls of teleportation
 u - 2 scrolls of fear
 y - a scroll of amnesia
 z - a scroll of magic mapping
 A - a scroll of noise {unknown}
 C - 2 scrolls of poison {unknown}
 E - a scroll of blinking
 G - 2 scrolls of enchant armour {unknown}
 H - a scroll of immolation {unknown}
 K - 3 scrolls of fog {unknown}
Potions
 b - a potion of magic
 e - 5 potions of haste
 i - a potion of cancellation {unknown}
 k - a potion of degeneration {unknown}
 n - a potion of flight {unknown}
 o - 4 potions of brilliance {unknown}
 q - 2 potions of invisibility
 s - 2 potions of heal wounds
 w - a potion of ambrosia {unknown}
 D - 2 potions of might
 F - a potion of curing {unknown}
 L - 2 potions of mutation {unknown}
 M - a potion of attraction {unknown}


   Skills:
 - Level 2.9 Fighting
 - Level 6.9 Short Blades
 - Level 3.8 Dodging
 - Level 2.0 Stealth
 - Level 1.1 Unarmed Combat
 - Level 2.6 Spellcasting
 + Level 5.4 Conjurations
 - Level 12.6 Air Magic
 - Level 4.8 Evocations


You couldn't memorise any spells.
You knew the following spells:

 Your Spells              Type           Power      Damage    Failure   Level
a - Shock                 Conj/Air       100%       1d9       1%          1
b - Static Discharge      Conj/Air       100%       2-7/arc   1%          2
c - Airstrike             Air            32%        2d(5-21)  1%          4
d - Vhi's Electric Charg  Tloc/Air       74%        N/A       4%          3
e - Arcjolt               Conj/Air       25%        1d35      12%         5

Your spell library contained the following spells:

 Spells                   Type           Power      Damage    Failure   Level
 Magic Dart               Conj           100%       1d8       1%          1
 Swiftness                Air            64%        N/A       1%          3
 Searing Ray              Conj           64%        2d6       3%          2
 Ensorcelled Hibernation  Hex/Ice        6%         N/A       28%         2
 Ozocubu's Armour         Ice            3%         N/A       50%         3
 Spider Form              Tmut/Pois      3%         N/A       50%         3
 Fulminant Prism          Conj/Hex       9%         3d7       52%         4
 Anguish                  Hex/Necr       1%         N/A       88%         4
 Metabolic Englaciation   Hex/Ice        1%         N/A       99%         5
 Simulacrum               Ice/Necr       1%         N/A       100%        6
 Ozocubu's Refrigeration  Ice            1%         4d7       100%        7
 Maxwell's Capacitive Co  Air            32%        ∞         100%        8


Dungeon Overview and Level Annotations

Branches:
Dungeon (11/15)            Temple (1/1) D:7            Lair (0/5) D:8
  Sewer (visited)          Bailey (visited)         Gauntlet (1/1)
    Orc: D:9-12

Altars:
Ashenzari
Cheibriados
Dithmenos
Elyvilon
Fedhas
Gozag
Hepliaklqana
Kikubaaqudgha
Makhleb
Nemelex Xobeh
Okawaru
Qazlal
Ru
Sif Muna
Trog
Uskayaw
Vehumet
Wu Jian
Xom
Yredelemnul
Zin
The Shining One

Shops:
D:3 (

Annotations:
D:5 Menkaure Gauntlet 7 transporters, 4 runed translucent doors, exclusion: ice statue


Message History

It was a potion of heal wounds.
You feel much better.
Casting: Arcjolt (dangerous; 12% risk of failure)
Confirm with . or Enter, or press ? or * to list all spells.
Charge where?
Press: ? - help, Dir - move target, f/p - minotaur
Aim: a minotaur, wielding the +8 arbalest of Sulphur {heavy, Fly rN+++ Int-5 SInv}, wearing a +0 chain mail, wearing a ring of positive energy and quivering javelins (heavily wounded, 91% to hit)
You charge forward with an electric crackle!
You puncture the minotaur and electrocute it!
Your weapon exudes an aura of protection.
The minotaur is severely wounded.
The minotaur unwields the +8 arbalest of Sulphur {heavy, Fly rN+++ Int-5 SInv}.
The minotaur wields the +8 rapier "Globulus" {flame, Str-3 Dex+4}.
It bursts into flame!
The minotaur hits you with the +8 rapier "Globulus" {flame, Str-3 Dex+4}!!
The minotaur burns you! The minotaur misses you.
Aiming: Fastroot
Press: ? - help, Shift-Dir - straight line, f/p - minotaur
Aim: a minotaur, wielding the +8 rapier "Globulus" {flame, Str-3 Dex+4}, wearing a +0 chain mail, wearing a ring of positive energy and quivering javelins (severely wounded, unable to see you)
The roots erupt in riotous growth!
Roots grab the minotaur.
The now-empty wand crumbles to dust.
The grasping roots constrict the minotaur, but do no damage.
The minotaur closely misses you. The minotaur misses you.
Unknown command.
Unknown command.
Casting: Vhi's Electric Charge (dangerous; 4% risk of failure)
Confirm with . or Enter, or press ? or * to list all spells.
You don't have enough magic to cast this spell.
Unknown command.
Aiming: Mindburst
Press: ? - help, Shift-Dir - straight line, f/p - minotaur
Aim: a minotaur, wielding the +8 rapier "Globulus" {flame, Str-3 Dex+4}, wearing a +0 chain mail, wearing a ring of positive energy and quivering javelins (severely wounded, unable to see you, constricted by roots, chance to affect: 18%)
Okay, then.
You feel much better.
The grasping roots constrict the minotaur!
The minotaur hits you with the +8 rapier "Globulus" {flame, Str-3 Dex+4}!!!
Ouch! That really hurt!
* * * LOW HITPOINT WARNING * * *
The minotaur burns you!
You die...

##≈.♣..... #≈≈...#### #.
.##≈...#...
#######.♣.###.P.#..^
#....##...##..♣.#.^#
#.##.##.♣.#..PP.#©.#
#.##......#.♣...#(#.
#######.##.##.©.#.P...#.##
#≈≈≈#.#.○@.##...#.....#...
#≈≈.#.#.##H##.©.#.....####
#≈∩...'.##......#..∩......
#≈≈.#.#.##.##.©.#.....####
#≈≈≈#.#....##...#.....#.9[
#######.##.##.©.#.....#$##
#.##......#.♣...#©#.
#.##.##.♣.#...P.###.
#....##...##..♣.#...


You could see a minotaur (unable to see you, rooted).

Vanquished Creatures
  An orc knight (Bailey)
  3 trolls
  Grinder (D:6)
  2 hornets
  Prince Ribbit (D:5)
  A vampire (D:10)
  2 yaks (D:8)
  A wyvern (D:9)
  3 chaos spawn (Gauntlet)
  2 water moccasins
  3 ice beasts
  A sky beast (D:7)
  3 black bears (D:8)
  4 orc warriors
  An ogre (D:6)
  2 phantoms
  Blork the orc (D:6)
  8 kobold brigands
  4 gnoll sergeants
  7 bullfrogs
  3 scorpions
  3 wights (D:10)
  An electric eel (D:7)
  4 howler monkeys
  4 jellies
  3 hounds
  2 orc priests (D:10)
  3 gnoll boudas
  3 iguanas
  8 orc wizards
  25 gnolls
  9 adders
  3 river rats
  2 dart slugs
  2 worms
  33 orcs
  6 bats
  7 endoplasms
  3 giant cockroaches
  9 goblins
  8 hobgoblins
  9 jackals
  6 quokkas
  9 ball pythons
  12 frilled lizards
  37 kobolds
  11 rats
276 creatures vanquished.

Vanquished Creatures (others)
  2 demonic plants (Gauntlet)
  42 fungi (D:8)
  76 plants
120 creatures vanquished.

Grand Total: 396 creatures vanquished

Notes
Turn   | Place    | Note
-------+----------+-------------------------------------------
     0 | D:1      | Lavandula the Human Air Elementalist began the quest for
                  | the Orb.
     0 | D:1      | Reached XP level 1. HP: 13/13 MP: 3/3
   151 | D:1      | Reached XP level 2. HP: 17/19 MP: 0/5
   231 | D:1      | Learned a level 2 spell: Static Discharge
   543 | D:1      | Reached skill level 4 in Air Magic
   543 | D:1      | Reached XP level 3. HP: 24/24 MP: 2/6
  1617 | D:2      | Reached XP level 4. HP: 30/30 MP: 3/8
  1664 | D:2      | Learned a level 4 spell: Airstrike
  1767 | D:2      | Reached skill level 1 in Unarmed Combat
  2529 | D:3      | Reached XP level 5. HP: 27/35 MP: 3/9
  2607 | D:3      | Found a shadowy altar of Dithmenos.
  2633 | D:3      | Reached skill level 5 in Air Magic
  2720 | D:3      | Identified the ring of Umaos {rPois rC+ SInv Stlth+}
  2959 | D:3      | Found Bewya's Weapon Shop.
  3469 | D:4      | Found a hazy altar of Hepliaklqana.
  3538 | D:4      | Reached XP level 6. HP: 20/41 MP: 3/10
  3610 | D:4      | Reached skill level 6 in Air Magic
  4218 | D:5      | Entered Level 5 of the Dungeon
  4383 | D:5      | Noticed Prince Ribbit
  4396 | D:5      | Killed Prince Ribbit
  4397 | D:5      | Reached skill level 7 in Air Magic
  4397 | D:5      | Reached XP level 7. HP: 16/46 MP: 1/11
  4715 | D:5      | Noticed Menkaure
  4743 | D:6      | Found an iron altar of Okawaru.
  4743 | D:6      | Noticed Blork the orc
  4745 | D:6      | Killed Blork the orc
  4804 | D:6      | Reached XP level 8. HP: 52/52 MP: 1/12
  4824 | D:6      | Found a glowing drain.
  4833 | Sewer    | Entered a sewer
  5078 | Sewer    | Reached skill level 1 in Fighting
  5487 | D:6      | Reached skill level 1 in Short Blades
  5606 | D:6      | Found a sacrificial altar of Ru.
  5919 | D:6      | Noticed Grinder
  5925 | D:6      | Killed Grinder
  5926 | D:6      | Reached skill level 5 in Short Blades
  6030 | D:6      | Noticed a hornet
  6032 | D:6      | Killed a hornet
  6033 | D:6      | Reached XP level 9. HP: 62/62 MP: 4/13
  6408 | D:5      | Reached skill level 8 in Air Magic
  7026 | D:7      | Reached skill level 9 in Air Magic
  7741 | D:7      | Reached skill level 10 in Air Magic
  8105 | D:7      | Reached XP level 10. HP: 69/69 MP: 3/14
  8192 | D:7      | Found a staircase to the Ecumenical Temple.
  8211 | Temple   | Entered the Ecumenical Temple
  9024 | D:8      | Reached skill level 11 in Air Magic
  9327 | D:8      | Paralysed by a hornet for 1 turns
  9379 | D:8      | Reached skill level 12 in Air Magic
 10081 | D:8      | Found a staircase to the Lair.
 10673 | D:9      | Noticed a two-headed ogre
 10852 | D:9      | Found a flagged portal.
 10921 | Bailey   | Entered a bailey
 11049 | Bailey   | Noticed an orc knight
 11075 | Bailey   | Killed an orc knight
 11268 | Bailey   | Reached XP level 11. HP: 74/74 MP: 10/15
 11448 | Bailey   | Found a burning altar of Makhleb.
 11756 | D:9      | Found a sparkling altar of Nemelex Xobeh.
 11756 | D:9      | Found a radiant altar of Vehumet.
 11760 | D:9      | Found a glowing silver altar of Zin.
 11761 | D:9      | Found a glowing golden altar of the Shining One.
 11763 | D:9      | Found a snail-covered altar of Cheibriados.
 11764 | D:9      | Found a white marble altar of Elyvilon.
 11767 | D:9      | Became a worshipper of Vehumet
 11772 | D:9      | Learned a level 3 spell: Vhi's Electric Charge
 11778 | D:9      | Learned a level 5 spell: Arcjolt
 11781 | D:9      | Found an opulent altar of Gozag.
 11785 | D:9      | Found a stormy altar of Qazlal.
 11944 | D:10     | Entered Level 10 of the Dungeon
 13136 | D:11     | Found a gate leading to a gauntlet.
 13145 | Gauntlet | Entered a Gauntlet
 13145 | Gauntlet | Found a transporter.
 13161 | Gauntlet | Found a transporter.
 13163 | Gauntlet | Found a transporter.
 13177 | Gauntlet | Found a transporter.
 13179 | Gauntlet | Found a transporter.
 13181 | Gauntlet | Noticed a green death
 13185 | Gauntlet | Found a runed translucent gate.
 13185 | Gauntlet | Found a runed translucent gate.
 13185 | Gauntlet | Found a runed translucent gate.
 13188 | Gauntlet | Found a transporter.
 13204 | Gauntlet | Found a transporter.
 13213 | Gauntlet | Found a transporter.
 13213 | Gauntlet | Noticed a catoblepas
 13217 | Gauntlet | Found a runed translucent door.
 13224 | Gauntlet | Found a transporter.
 13224 | Gauntlet | Noticed a wolf spider
 13225 | Gauntlet | Noticed an entropy weaver
 13238 | Gauntlet | Found a transporter.
 13248 | Gauntlet | Found a transporter.
 13250 | Gauntlet | Found a transporter.
 13288 | Gauntlet | Reached skill level 5 in Conjurations
 13394 | Gauntlet | Found a transporter.
 13537 | Gauntlet | Identified the +8 arbalest of Sulphur {heavy, Fly rN+++
                  | Int-5 SInv}
 13537 | Gauntlet | Identified the +8 rapier "Globulus" {flame, Str-3 Dex+4}
 13537 | Gauntlet | Noticed a minotaur
 13558 | Gauntlet | Slain by a minotaur

Illustrated notes

Levels and vault maps discovered:
D:1:      spicycebolla_arrival_xxxplode, layout_rooms, st_stairs_3
D:2:      layout_basic
D:3:      layout_basic, grunt_dithmenos_smoke, serial_shops,
          nicolae_shop_temple_entry_statues_fountains
D:4:      layout_gridville, nzn_hepliaklqana_mist_gate
D:5:      layout_loops_cross, minmay_crystal_room,
          hangedman_abyss_or_decor_jellyfish_corner, uniq_menkaure,
          uniq_prince_ribbit1
D:6:      layout_gridville, mainiacjoe_overflow_paths,
          nicolae_ru_great_annihilating_truth, cheibrodos_sewer_entry_sluice,
          chequers_hall_statues_corner_a, uniq_blork_the_orc, uniq_grinder
D:7:      layout_cave_pools, minmay_temple_entry_antechambers,
          grunt_ministairs_10, chequers_garden, serial_bayou_ford_a
D:8:      layout_gridville, due_lair_maze_entry_diamond
D:9:      layout_gridville, nicolae_overflow_hallway_of_the_gods, enter_bailey_4
D:10:     layout_loops_ring
D:11:     layout_long_grid, gauntlet_entry_generic,
          chequers_serial_rivers_large_b, palyth_stone_intersect, uniq_fannar
Temple:   compressed_dpeg_circular_temple
Gauntlet: minmay_gauntlet_77_tree [minmay_gauntlet_arena_77_squiggly,
          minmay_gauntlet_arena_77_museum, minmay_gauntlet_arena_77_box,
          minmay_gauntlet_arena_77_run_for_it,
          minmay_gauntlet_arena_77_hold_the_fort, minmay_gauntlet_arena_77_path,
          minmay_gauntlet_arena_77_mess, gauntlet_exit_watery]

Skill      XL: |  1  2  3  4  5  6  7  8  9 10 11 |
---------------+----------------------------------+-----
Air Magic      | 4 5 7 10 12 | 12.6
Unarmed Combat | 1 |  1.1
Evocations     | 3 4 |  4.8
Fighting       | 2 |  2.9
Short Blades   | 5 6 |  6.9
Dodging        | 3 |  3.8
Conjurations   | 5 |  5.4
Stealth        | |  2.0
Spellcasting   | |  2.6

Action                     |  1- 3 |  4- 6 |  7- 9 | 10-12 || total
---------------------------+-------+-------+-------+-------++-------
  Melee: Unarmed           |     6 |       |       |       ||     6
         Dagger            |     7 |     4 |    25 |    80 ||   116
         Punch             |     1 |       |       |       ||     1
   Cast: Shock             |    92 |   121 |   151 |   156 ||   520
         Airstrike         |       |     2 |    27 |    44 ||    73
         Static Discharge  |       |       |     6 |     5 ||    11
         Arcjolt           |       |       |       |     6 ||     6
         Vhi's Electric Ch |       |       |       |     2 ||     2
  Evoke: Wand              |       |       |     1 |     7 ||     8
    Use: Scroll            |       |     5 |     2 |     5 ||    12
         Potion            |       |     1 |       |     5 ||     6
   Stab: Sleeping          |       |       |     4 |       ||     4
         Paralysed         |       |       |       |     2 ||     2
 Armour: Robe              |     7 |     5 |    12 |    28 ||    52
         Skin              |       |     5 |       |       ||     5
         Troll leather arm |       |       |       |     3 ||     3
  Dodge: Dodged            |    25 |    23 |    46 |    94 ||   188
  Block: Buckler           |       |       |       |    18 ||    18

Table legend: (Time is in decaauts)
 A = Elapsed time spent in this place.
 B = Non-inter-level travel time spent in this place.
 C = Inter-level travel time spent in this place.
 D = Time resting spent in this place.
 E = Time spent auto-exploring this place.
 F = Levels seen in this place.
 G = Mean time per level.
                   A        B        C        D        E       F      G
               +--------+--------+--------+--------+--------+-----+--------+
         Total |  13616 |  12958 |    658 |   4030 |   6731 |  15 |  907.7 |
       Dungeon |  11972 |  11343 |    629 |   3424 |   6191 |  11 | 1088.4 |
        Temple |    128 |     99 |     29 |      0 |     91 |   1 |  128.0 |
         Sewer |    550 |    550 |      0 |     86 |    355 |   1 |  550.0 |
        Bailey |    551 |    551 |      0 |    321 |     89 |   1 |  551.0 |
      Gauntlet |    412 |    412 |      0 |    199 |      5 |   1 |  412.0 |
               +--------+--------+--------+--------+--------+-----+--------+

Top non-repeatable levels by time:
     D:6: 1882 daAuts
     D:8: 1729 daAuts
     D:7: 1290 daAuts
     D:1: 1218 daAuts
     D:2: 1202 daAuts
    D:10: 1166 daAuts
     D:4: 968 daAuts
     D:5: 943 daAuts
     D:3: 828 daAuts
     D:9: 710 daAuts
  Bailey: 551 daAuts
   Sewer: 550 daAuts
Gauntlet: 412 daAuts
  Temple: 128 daAuts
    D:11: 33 daAuts
